Unix NetHack Version 5.0.0-0 post-release - last build Jul 14 2026 02:55:29 (1809b74e8187c3a3585e283601c3028b46cbbdcb,branch:main).

Game began 2026-07-19 15:51:17, ended 2026-07-19 16:43:38.

DeathOnAStick, neutral male human Tourist

                    ------                                              -----
                    |....|                                              |   |
                    |....|        -----    --------             #### ###.   |
                   #.....|        |..<|    |f.B....##############   ##  |>  |
                   #|....|        |[...##%#f.@q...|                 #   -----
                  ##|..*.|        |...|    ---:----       --------  #
                  # --.*--        ---|-       #          #.      .###
                 ##  # #            ##       ##          #|      |
                 #     #            #        #           #|      |
     ---------- ##    -.---         #        #      ######------#-
     |.......$-*#*#   |....##       #        #     ##      #    #
     |......?$|       |...| #       #        #     #
     |........|       |...| #       [       -+---- #
     |........|       ----- ###     #       |    | #                    ----
     |?.......|               #  ---.--     |    | #                    |  |
     ----------               ###|.[..|     |    .##                    |  |
                                #.....|     |    |                      ----
                                 |....|     ------
                                 ------

DeathOnAStick the Excursionist  St:15 Dx:11 Co:15 In:10 Wi:9 Ch:18  Neutral S:2148
Dlvl:5  $:803 HP:0(38) Pw:26(26) AC:9  Xp:6/425 T:2536 

Latest messages:
 The door opens.
 You hit the rothe!
 You swap places with Fido2.
 Fido2 drops an iron skull cap.
 Fido2 misses the rothe.
 You stop.  Fido is in the way!
 Fido2 bites it.
 It hits Fido2.
 It knocks Fido2 back with a forceful strike!
 It misses Fido2.
 It bites Fido2.
 There is an open door here.
 You see here an iron skull cap.
 Fido2 misses the rothe.
 The rothe hits!
 The rothe bites!
 The rothe bites again!
 What do you want to wield? [- abBIK or ?*] a
 You are already wielding that!
 You kill the rothe!
 Fido2 eats a rothe corpse.
 You hit the straw golem!
 The straw golem hits!
 The straw golem hits again!
 You hit the straw golem!
 The straw golem turns to flee.
 You hit the straw golem!
 The straw golem hits!
 The straw golem hits again!
 You destroy the straw golem!
 The grid bug bites!
 You get zapped!
 You kill the grid bug!
 The grid bug bites!
 You get zapped!
 You kill the grid bug!
 The iguana bites!
 You hit the rothe!
 The giant bat bites!
 You hit the rothe!
 The rothe hits!
 The rothe bites!
 The rothe bites again!
 The giant bat bites!
 You die...
 Do you want your possessions identified? [ynq] (y) y
 Do you want to see your attributes? [ynq] (y) y
 Do you want an account of creatures vanquished? [ynaq] (y) y
 Do you want to see your conduct and achievements? [ynq] (y) y
 Do you want to see the dungeon overview? [ynq] (y) y

Inventory:
 Coins    ('$')
  $ - 803 gold pieces
 Weapons  (')')
  I - a cursed -1 crossbow
  b - 21 +2 darts (at the ready)
  B - a +0 dagger
  K - a +0 orcish dagger
  a - the +4 Sting (weapon in left hand)
 Armor    ('[')
  O - an uncursed +0 orcish helm
  P - an uncursed +0 orcish helm
  Q - a cursed -1 robe
  m - a cursed +1 Hawaiian shirt with a jellyfish motif (being worn)
 Comestibles  ('%')
  i - 2 uncursed randomfruits
  h - an uncursed banana
  e - an uncursed carrot
  r - 2 uncursed food rations
  f - an uncursed tin of dried kobold meat
  g - 2 uncursed eggs
 Scrolls  ('?')
  Y - a blessed scroll of amnesia
  D - an uncursed scroll of charging
  k - a blessed scroll of food detection
  T - an uncursed scroll of remove curse
  o - a blessed scroll of teleportation
  U - an uncursed scroll of teleportation
 Potions  ('!')
  j - an uncursed potion of extra healing
  R - 2 uncursed potions of healing
  M - a blessed potion of see invisible
  L - an uncursed potion of speed
 Rings    ('=')
  C - a cursed ring of regeneration
 Tools    ('(')
  x - an uncursed credit card
  v - an expensive camera (0:76)
  Z - an uncursed mirror
  s - an uncursed towel

DeathOnAStick the Tourist's attributes:

Background:
 You were an Excursionist, a level 6 male human Tourist.
 You were neutral, nominally on a mission for The Lady
 who was opposed by Blind Io (lawful) and Offler (chaotic).
 You were left-handed.
 You were in the Dungeons of Doom, on level 5.
 You entered the dungeon 2536 turns ago.
 You had 425 experience points, 215 more were needed to attain level 7.
 Your score was 2148 before end-of-game adjustments.

Basics:
 You had 0 out of 38 hit points.
 You had all 26 energy points (spell power).
 Your armor class was 9.
 Your wallet contained 803 zorkmids.
 Autopickup was off.

Final Characteristics:
 Your strength was 15 (limit:18/100).
 Your dexterity was 11 (limit:18).
 Your constitution was 15 (limit:18).
 Your intelligence was 10 (limit:18).
 Your wisdom was 9 (limit:18).
 Your charisma was 18 (limit:18).

Final Status:
 You weren't hungry.
 You were unencumbered.
 You were wielding a dagger.
 You were skilled in dagger.

Final Attributes:
 You were piously aligned.
 You were telepathic.
 You were aware of the presence of orcs.
 You were fast.
 You are dead.

Miscellaneous:
 You didn't encounter any bones levels.
 Total elapsed playing time was 52 minutes and 19 seconds.

Major events:
 Turn
    1: DeathOnAStick the neutral male human Tourist entered the dungeon
  455: entered the Gnomish Mines
  478: attained the rank of Sightseer (level 3)
 1020: chose a runed dagger to be named "Sting"
 1614: read a Discworld novel
 1727: attained the rank of Excursionist (level 6)
 2536: killed by a giant bat

You didn't know any spells.

Skills:
 Fighting Skills
   bare handed combat [Unskilled]
   two weapon combat  [Unskilled]
   riding             [Unskilled]
 Weapon Skills
   dagger             [Skilled]
   knife              [Unskilled]
   axe                [Unskilled]
   pick-axe           [Unskilled]
   short sword        [Unskilled]
   broadsword         [Unskilled]
   long sword         [Unskilled]
   two-handed sword   [Unskilled]
   saber              [Unskilled]
   mace               [Unskilled]
   morning star       [Unskilled]
   flail              [Unskilled]
   hammer             [Unskilled]
   quarterstaff       [Unskilled]
   polearms           [Unskilled]
   spear              [Unskilled]
   trident            [Unskilled]
   lance              [Unskilled]
   bow                [Unskilled]
   sling              [Unskilled]
   crossbow           [Unskilled]
   dart               [Basic]
   shuriken           [Unskilled]
   boomerang          [Unskilled]
   whip               [Unskilled]
   unicorn horn       [Unskilled]
 Spellcasting Skills
   divination spells  [Unskilled]
   enchantment spells [Unskilled]
   escape spells      [Unskilled]

Voluntary challenges:
 Character rerolling was not enabled.
 You were an atheist.
 You never genocided any monsters.
 You never polymorphed an object.
 You never changed form.
 You used no wishes.
Achievements:
 You entered the Gnomish Mines.
 You attained the rank of Sightseer.
 You entered a shop.
 You read from a Discworld novel.
 You attained the rank of Excursionist.

 The Dungeons of Doom: levels 1 to 5
    Level 1:
       Many fountains.
    Level 2:
       A grave.
       Stairs down to The Gnomish Mines.
    Level 3:
       A fountain, a sink.
    Level 4:
       Some fountains.
    Level 5: <- You were here.
       A scroll shop.
       Final resting place for
          you, killed by a giant bat.
 The Gnomish Mines:
    Level 3:


Vanquished creatures:
  a small mimic
  a leprechaun
  a mountain nymph
  a rock mole
  9 fog clouds
  a yellow light
  4 elf zombies
  a straw golem
  a floating eye
 10 hill orcs
  2 rothes
 an orc zombie
  a wererat
  2 iguanas
  8 coyotes
  2 hobbits
  a hobgoblin
  a yellow mold
  a green mold
  a red mold
  3 geckos
  7 jackals
  a fox
  a goblin
  a sewer rat
  4 grid bugs
  2 lichens
  a kobold zombie
  4 newts
74 creatures vanquished.

No species were genocided or became extinct.

Game over:
                       ----------
                      /          \
                     /    REST    \
                    /      IN      \
                   /     PEACE      \
                  /                  \
                  |  DeathOnAStick   |
                  |      803 Au      |
                  |   killed by a    |
                  |    giant bat     |
                  |                  |
                  |                  |
                  |       2026       |
                 *|     *  *  *      | *
        _________)/\\_//(\/(/\)/\//\/|_)_______

Aloha DeathOnAStick the Tourist...

You died in The Dungeons of Doom on dungeon level 5 with 2127 points,
and 803 pieces of gold, after 2536 moves.
You were level 6 with a maximum of 38 hit points when you died.

